 Dungeon Crawl Stone Soup version 0.31.0-11-ge490571c62 (webtiles) character file.

Game seed: 11072997534043748878

651 Flugkiller the Chiller (level 7, -2/32 HPs)
             Began as a Vine Stalker Ice Elementalist on Feb 3, 2024.
             Killed from afar by Pikel (11 damage)
             ... with a puff of flame
             ... on level 4 of the Dungeon.
             The game lasted 00:04:54 (1018 turns).

Flugkiller the Chiller (VSIE)                       Turns: 1018, Time: 00:04:54

Health: -2/32      AC:  4    Str: 11    XL:     7   Next: 53%
Magic:  0/16       EV: 12    Int: 17    God:
Gold:   117        SH:  0    Dex: 14    Spells: 7/17 levels left

rFire   . . .        d - +0 short sword
rCold   . . .        (no shield)
rNeg    . . .        a - +0 robe
rPois   .            m - +2 hat
rElec   .            (no cloak)
rCorr   .            (no gloves)
SInv    .            (no boots)
Will    .....        (no amulet)
Stlth   ++           (no ring)
HPRegen 1.05/turn    (no ring)
MPRegen 0.15/turn

%: guardian spirit
@: no status effects
A: fangs 2, regeneration 1, magic shield, antimagic bite, no potion heal 2
a: no special abilities


You were on level 4 of the Dungeon.
You visited 1 branch of the dungeon, and saw 5 of its levels.

You collected 117 gold pieces.

Inventory:

Hand Weapons
 c - a +3 war axe
   (You took it off an orc on level 3 of the Dungeon)
 d - a +0 short sword (weapon)
   (You took it off a kobold on level 1 of the Dungeon)
 n - a +0 dagger of protection
   (You took it off an orc wizard on level 5 of the Dungeon)
Armour
 a - a +0 robe (worn)
 m - a +2 hat (worn)
   (You found it on level 4 of the Dungeon)
Wands
 k - a wand of mindburst (9)
   (You found it on level 3 of the Dungeon)
Scrolls
 f - a scroll of silence
 g - a scroll of acquirement {unknown}
 h - a scroll of noise {unknown}
 i - 2 scrolls of fog
 t - 3 scrolls of teleportation
Potions
 b - a potion of magic
 e - 2 potions of curing {unknown}
 j - 2 potions of mutation {unknown}
 l - a potion of might {unknown}
 w - a potion of heal wounds


   Skills:
 - Level 1.5 Dodging
 - Level 2.4 Stealth
 + Level 5.7 Spellcasting
 + Level 2.1 Summonings
 + Level 6.7 Ice Magic


You had 7 spell levels left.
You knew the following spells:

 Your Spells              Type           Power      Damage    Failure   Level
a - Freeze                Ice            100%       1d10      1%          1
b - Frozen Ramparts       Ice            54%        1d9       2%          3
c - Ozocubu's Armour      Ice            27%        N/A       2%          3
d - Summon Ice Beast      Ice/Summ       19%        N/A       6%          3

Your spell library contained the following spells:

 Spells                   Type           Power      Damage    Failure   Level
 Summon Small Mammal      Summ           48%        N/A       5%          1
 Call Canine Familiar     Summ           12%        N/A       17%         3
 Summon Blazeheart Golem  Fire/Summ      8%         N/A       65%         4


Dungeon Overview and Level Annotations

Branches:
Dungeon (5/15) Zot: 26869
 Temple: D:4-7

Altars:

Annotations:
D:4 3 runed translucent doors, 7tar4e's ghost, novice SpBr; Ijyb; NotYourErnst's ghost, novice DrAl; Pikel; eelars's ghost, amateur MfSu; flestrin's ghost, amateur FoHs


Innate Abilities, Weirdness & Mutations

You have extremely sharp teeth.
Your natural rate of healing is unusually fast.
When hurt, damage is shared between your health and your magic reserves.
Your bite disrupts and absorbs the magic of your enemies.
Potions cannot restore your health.


Message History

Aim: a dart slug (wandering, hasn't noticed you)
You freeze the dart slug.
The dart slug is moderately wounded.
You hit the dart slug. You bite the dart slug. You drain its power.
You feel invigorated.
The dart slug is severely wounded.
The dart slug launches a dart at you. The slug dart misses you.
You hit the dart slug but do no damage. You bite the dart slug.
You drain its power.
You feel invigorated.
The dart slug is almost dead.
The dart slug launches a dart at you. The slug dart hits you.
You barely miss the dart slug.
The dart slug is almost dead.
You hit the dart slug.
You kill the dart slug!
You see here a dart slug corpse.
Pikel shouts!
Casting: Freeze (safe; 1% risk of failure)
Confirm with . or Enter, or press ? or * to list all spells.
You miscast Summon Ice Beast.
You are very lightly contaminated with residual magic.
Nothing appears to happen.
Casting: Summon Ice Beast (dangerous; 6% risk of failure)
Confirm with . or Enter, or press ? or * to list all spells.
A chill wind blows around you.
Pikel zaps a wand.
The puff of flame hits you!
Press: ? - help, v - describe, . - travel
Here: Pikel, wielding a +0 whip of electrocution, wearing a +0 robe and carrying a wand of flame (ally target)
The floor.
Unknown command.
Pikel says, "You'll make a fine lemure."
Your ice beast hits Pikel but does no damage.
Unknown command.
Pikel zaps a wand.
The puff of flame hits your ice beast!
Your ice beast melts!
Your ice beast barely misses Pikel.
Pikel zaps a wand.
The puff of flame hits your ice beast!
Your ice beast melts!
Your ice beast hits Pikel but does no damage.
Pikel barely misses your ice beast.
Your ice beast hits Pikel.
Your ice beast freezes Pikel!
Pikel misses your ice beast.
Your ice beast hits Pikel but does no damage.
Pikel barely misses your ice beast.
Your ice beast misses Pikel.
Your magical contamination has completely faded away.
Pikel hits your ice beast with a +0 whip of electrocution!
Your ice beast dies!
Your ice beast disappears in a puff of smoke!
Casting: Summon Ice Beast (dangerous; 6% risk of failure)
Confirm with . or Enter, or press ? or * to list all spells.
A chill wind blows around you.
Casting: Summon Ice Beast (dangerous; 6% risk of failure)
Confirm with . or Enter, or press ? or * to list all spells.
The walls around you are covered in ice.
The wall freezes Pikel.
You hit Pikel.
Pikel is moderately wounded.
The wall freezes Pikel.
Pikel hits you with a +0 whip of electrocution.
You hit Pikel but do no damage. You bite Pikel, but do no damage.
Pikel is heavily wounded.
The wall freezes Pikel.
Pikel hits you with a +0 whip of electrocution.
You are electrocuted!
Your ice beast closely misses Pikel.
You are too injured to fight recklessly!
You hit Pikel but do no damage.
Pikel is heavily wounded.
The wall freezes Pikel but does no damage.
Pikel hits you with a +0 whip of electrocution!
* * * LOW HITPOINT WARNING * * *
Your ice beast barely misses Pikel.
You hit Pikel but do no damage.
Pikel is heavily wounded.
The wall freezes Pikel.
Pikel hits you with a +0 whip of electrocution.
* * * LOW HITPOINT WARNING * * *
Your ice beast closely misses Pikel.
The frozen ramparts melt away as you move.
Pikel hits your ice beast with a +0 whip of electrocution.
Your ice beast hits Pikel but does no damage.
Pikel hits your ice beast with a +0 whip of electrocution.
Lightning courses through your ice beast!
Your ice beast hits Pikel.
Your ice beast freezes Pikel!
Your ice beast barely misses Pikel.
Aiming: Mindburst
Press: ? - help, Shift-Dir - straight line, f - Pikel
Aim: Pikel, wielding a +0 whip of electrocution, wearing a +0 robe and carrying a wand of flame (severely wounded, ally target, chance to affect: 64%) Pikel's mind is blasted.
Your ice beast hits Pikel but does no damage.
Aiming: Mindburst
Press: ? - help, Shift-Dir - straight line, f/p - Pikel
Aim: Pikel, wielding a +0 whip of electrocution, wearing a +0 robe and carrying a wand of flame (almost dead, ally target, chance to affect: 64%) Pikel struggles to resist.
Aiming: Mindburst
Press: ? - help, Shift-Dir - straight line, f/p - Pikel
Aim: Pikel, wielding a +0 whip of electrocution, wearing a +0 robe and carrying a wand of flame (almost dead, ally target, chance to affect: 64%) Pikel struggles to resist.
Pikel zaps a wand.
The puff of flame hits you!
You die...
Pikel says, "Another soul for the market."

......# ~......#
~.~....#. ≈~≈≈≈~≈#.##
≈≈≈≈≈≈##...######
≈≈≈≈≈≈#.....##..##
≈≈≈≈≈##.......>..# #
#.......†...## .
...........YK@.#
)...............##..#
.^...........#.......#
.............#..##....#
...............## ...#
<....##......... # #
......##........
...............
#$...(..


You could see Pikel (ally target) and a friendly ice beast (summoned).

Vanquished Creatures
  Edmund (D:4)
  A black bear (D:4)
  An ogre (D:4)
  4 lemures (D:4)
  A bullfrog (D:4)
  An orc priest (D:4)
  A hound (D:5)
  A sleepcap (D:3)
  An iguana (D:4)
  3 orc wizards
  2 ufetubi (D:5)
  3 dart slugs
  11 orcs
  3 endoplasms
  A giant cockroach (D:1)
  2 hobgoblins
  7 kobolds
  3 quokkas
  3 ball pythons
  2 bats
  2 frilled lizards
  3 goblins
  3 rats
60 creatures vanquished.

Vanquished Creatures (collateral kills)
  An orc priest (D:4)
  3 dart slugs (D:4)
4 creatures vanquished.

Grand Total: 64 creatures vanquished

Notes
Turn   | Place    | Note
-------+----------+-------------------------------------------
     0 | D:1      | Flugkiller the Vine Stalker Ice Elementalist began the
                  | quest for the Orb.
     0 | D:1      | Reached XP level 1. HP: 9/9 MP: 4/4
   176 | D:1      | Reached XP level 2. HP: 13/13 MP: 3/6
   296 | D:2      | Reached XP level 3. HP: 16/16 MP: 2/8
   368 | D:3      | Learned a level 3 spell: Frozen Ramparts
   372 | D:3      | Learned a level 3 spell: Ozocubu's Armour
   414 | D:3      | Reached XP level 4. HP: 21/21 MP: 6/10
   500 | D:4      | Noticed a lemure
   500 | D:4      | Noticed a lemure
   500 | D:4      | Noticed an ogre
   500 | D:4      | Noticed a black bear
   501 | D:4      | Noticed a lemure
   501 | D:4      | Noticed a lemure
   504 | D:4      | Noticed Edmund
   510 | D:4      | Killed a black bear
   511 | D:4      | Reached skill level 5 in Ice Magic
   511 | D:4      | Reached XP level 5. HP: 24/24 MP: 8/12
   514 | D:4      | Killed a lemure
   516 | D:4      | Killed an ogre
   517 | D:4      | Reached XP level 6. HP: 28/28 MP: 11/13
   523 | D:4      | Killed Edmund
   524 | D:4      | Reached skill level 5 in Spellcasting
   524 | D:4      | Reached skill level 6 in Ice Magic
   528 | D:4      | Noticed Ijyb
   584 | D:4      | Learned a level 3 spell: Summon Ice Beast
   625 | D:4      | Reached XP level 7. HP: 29/32 MP: 9/16
   628 | D:4      | Reached skill level 1 in Summonings
   650 | D:4      | Found a runed translucent gate.
   650 | D:4      | Found a runed translucent gate.
   650 | D:4      | Found a runed translucent gate.
   651 | D:4      | Noticed eelars's ghost (amateur MfSu)
   651 | D:4      | Noticed NotYourErnst's ghost (novice DrAl)
   651 | D:4      | Noticed 7tar4e's ghost (novice SpBr)
   652 | D:4      | Noticed flestrin's ghost (amateur FoHs)
   722 | D:4      | Noticed Pikel
   888 | D:5      | Entered Level 5 of the Dungeon
  1018 | D:4      | Killed from afar by Pikel

Illustrated notes

Levels and vault maps discovered:
D:1:      zaba_arrival_water, layout_rooms, minmay_misc_feat_plants,
          st_stairs_10, amethyst_killhole
D:2:      layout_loops_cross
D:3:      layout_rooms, lightli_corner_chamber
D:4:      layout_cave_pools, gammafunk_ghost_cemetery, hex_medium,
          nicolae_underground_beach, uniq_crazy_yiuf_cottage, uniq_edmund,
          uniq_pikel, uniq_ijyb
D:5:      layout_basic, nicolae_hexahallways

Skill      XL: |  1  2  3  4  5  6  7 |
---------------+----------------------+-----
Spellcasting   | 3 4 5 |  5.7
Ice Magic      | 5 6 |  6.7
Summonings     | 2 |  2.1
Dodging        | |  1.5
Stealth        | |  2.4

Action                     |  1- 3 |  4- 6 |  7- 9 || total
---------------------------+-------+-------+-------++-------
  Melee: Short sword       |    40 |    37 |    40 ||   117
         Bite              |    11 |    16 |    16 ||    43
         Unarmed           |     2 |       |       ||     2
         Punch             |       |     1 |       ||     1
   Cast: Freeze            |    14 |       |     1 ||    15
         Frozen Ramparts   |     2 |     4 |     6 ||    12
         Ozocubu's Armour  |       |     2 |       ||     2
         Summon Ice Beast  |       |     1 |     4 ||     5
  Evoke: Wand              |       |       |     3 ||     3
    Use: Potion            |       |     3 |       ||     3
         Scroll            |       |     3 |     1 ||     4
   Stab: Sleeping          |       |     1 |       ||     1
 Armour: Robe              |    27 |    29 |    47 ||   103
  Dodge: Dodged            |    35 |    28 |    23 ||    86
